[Event "Team 45 45 League T79"]
[Site "Internet Chess Club"]
[Date "2019.01.20"]
[Round "4"]
[White "JPSVI"]
[Black "Megasus"]
[Result "1-0"]
[WhiteElo "1446"]
[BlackElo "1521"]
[Opening "Réti opening"]
[ECO "A04"]
[Time "22:01:15"]
[TimeControl "2700+45"]

1. Nf3 c5 2. g3 Nc6 3. Bg2 Nf6 4. O-O e5 5. d3 h6 6. Nbd2 d5 7. e4 d4 8. a4 Qc7
9. Nc4 Be6 10. b3 b6 11. Bd2 Be7 12. Qe2 O-O 13. Nh4 a6 14. f4 Bxc4 15. bxc4 Nd7
16. Qg4 Nf6 17. Qf5 Qc8 18. fxe5 Ng4 19. e6 Qxe6 20. Bh3 Nce5 21. Qxe6 fxe6 22.
Ng2 h5 23. Nf4 Ne3 24. Bxe3 dxe3 25. Bxe6+ Kh7 26. Nd5 Bg5 27. Nf4 h4 28. Rae1
Rae8 29. Bh3 g6 30. Rxe3 Bh6 31. Ree1 g5 32. Bf5+ Rxf5 33. exf5 Nf3+ 34. Rxf3
Rxe1+ 35. Kf2 Rc1 36. Ne2 Rxc2 37. Re3 Bg7 38. Re7 Kg8 39. Re6 Rb2 40. Rg6 Kf7
41. Rxg5 Ra2 42. Rg6 hxg3+ 43. hxg3 Bf6 44. Kf3 Rxa4 45. Nf4 Ra3 46. Ke4 Rb3 47.
Nd5 Bd8 48. g4 a5 49. Rd6 Ke8 50. f6 a4 51. f7+ Kxf7 52. Rxd8 a3 53. Ra8 Kg6 54.
Ra6 Kg5 55. Nxb6 a2 56. Nd5 Rb2 57. Nc3 {Black resigns} 1-0

[Event "Team 45 45 League T79"]
[Site "Internet Chess Club"]
[Date "2019.01.20"]
[Round "4"]
[White "justice02"]
[Black "Goli"]
[Result "0-1"]
[WhiteElo "1623"]
[BlackElo "1707"]
[Opening "King's Indian, 3.Nf3"]
[ECO "E60"]
[Time "11:30:17"]
[TimeControl "2700+45"]

1. Nf3 Nf6 2. c4 g6 3. d4 c5 4. Nc3 cxd4 5. Nb5 Bg7 6. Bf4 d6 7. Bg5 Nc6 8.
Nbxd4 O-O 9. g3 Qb6 10. b3 Ne4 11. Be3 Qa5+ 12. Bd2 Nxd2 13. Qxd2 Qxd2+ 14. Kxd2
Nxd4 15. Nxd4 Bxd4 16. Rd1 Bc5 17. Bg2 Rb8 18. Kc2 b5 19. cxb5 Rxb5 20. f4 Bg4
21. h3 Bc8 22. Rd3 Ba6 23. e4 Ra5 {White resigns} 0-1

[Event "Team 45 45 League T79"]
[Site "Internet Chess Club"]
[Date "2019.01.20"]
[Round "4"]
[White "ChessRooklift"]
[Black "zepled37"]
[Result "0-1"]
[WhiteElo "1670"]
[BlackElo "1713"]
[Opening "Bogo-Indian defense"]
[ECO "E11"]
[Time "17:09:52"]
[TimeControl "2700+45"]

1. d4 Nf6 2. c4 e6 3. Nf3 Bb4+ 4. Bd2 Be7 5. Nc3 d5 6. g3 b6 7. Bg2 Bb7 8. O-O
O-O 9. b3 dxc4 10. bxc4 c5 11. e3 Nbd7 12. Qc2 cxd4 13. exd4 Rc8 14. Qa4 a6 15.
Rfd1 Qc7 16. Rac1 Rfd8 17. Ne2 h6 18. Bf4 Qc6 19. Qb3 g5 20. Be3 Nf8 21. h4 N8h7
22. d5 exd5 23. cxd5 Qe8 24. Rxc8 Bxc8 25. hxg5 hxg5 26. Bxb6 Rd6 27. Be3 Ng4
28. Bc1 Bd8 29. Nc3 Bb6 30. Nd4 Bxd4 31. Bf3 Ne5 32. Bg2 Bxc3 33. Qxc3 Ng6 34.
Ba3 Rd8 35. Re1 Qd7 36. Bb2 f6 37. Be4 Qf7 38. Bc2 Bb7 39. d6 Kg7 40. Qd3 Nhf8
41. Bb3 Qd7 42. Ba3 Qh3 43. Re4 Bxe4 44. Qxe4 Qd7 45. Qd5 Qe8 46. Bb2 Qe1+ 47.
Kg2 Qe8 48. Qxg5 Qe4+ 49. f3 Qe2+ 50. Kh3 Qxb2 51. Qd5 Qe5 52. Qf7+ Kh6 53. d7
Qh5+ 54. Kg2 Nf4+ {White resigns} 0-1

[Event "Team 45 45 League T79"]
[Site "Internet Chess Club"]
[Date "2019.01.19"]
[Round "4"]
[White "Grenadier"]
[Black "Egmont"]
[Result "1-0"]
[WhiteElo "1603"]
[BlackElo "1604"]
[Opening "French: advance, Milner-Barry gambit"]
[ECO "C02"]
[Time "09:00:12"]
[TimeControl "2700+45"]

1. e4 e6 2. d4 d5 3. e5 c5 4. c3 Nc6 5. Nf3 Qb6 6. Bd3 Bd7 7. dxc5 Bxc5 8. Qe2
Nge7 9. b4 Nxb4 10. cxb4 Bxb4+ 11. Bd2 Bc5 12. O-O Ng6 13. Nc3 Qd8 14. Bb5 a6
15. Ba4 Bxa4 16. Nxa4 Ba7 17. Rfc1 O-O 18. Rab1 b5 19. Nc5 Rc8 20. Nxa6 Rc4 21.
Rxb5 Rxc1+ 22. Bxc1 Qc8 23. Rb1 Qc3 24. Qd2 Qc4 25. Nb4 Rb8 26. a3 Rb5 27. h3
Bb8 28. Rb2 Nxe5 29. Nxe5 Bxe5 30. Rc2 {Black resigns} 1-0

[Event "Team 45 45 League T79"]
[Site "Internet Chess Club"]
[Date "2019.01.20"]
[Round "4"]
[White "scostanzo212"]
[Black "bmw2002"]
[Result "1-0"]
[WhiteElo "1552"]
[BlackElo "1415"]
[Opening "King's Indian: 6.Be2"]
[ECO "E91"]
[Time "10:06:55"]
[TimeControl "2700+45"]

1. d4 Nf6 2. c4 g6 3. Nc3 Bg7 4. e4 d6 5. Nf3 O-O 6. Be2 a5 7. O-O Na6 8. Bg5 h6
9. Bh4 c5 10. d5 Nc7 11. Nd2 Nh7 12. Qc2 g5 13. Bg3 e5 14. f3 f5 15. Rfb1 f4 16.
Bf2 Nf6 17. a3 g4 18. b4 gxf3 19. Bxf3 axb4 20. axb4 Rxa1 21. Rxa1 cxb4 22. Na4
Na6 23. Nb6 Ng4 24. Nxc8 Nxf2 25. Nxd6 Qb6 26. Kf1 Nc5 27. Nb3 Ncd3 28. c5 Qc7
29. Ra7 Rb8 30. Be2 Nxc5 31. Qxc5 Qxc5 32. Nxc5 Bf8 33. Kxf2 Bxd6 34. Nd7 Rd8
35. Rxb7 b3 36. Nf6+ Kf8 37. Rxb3 Kg7 38. Nh5+ Kg6 39. Rb7 Bc5+ 40. Ke1 Kg5 41.
Rg7+ Kh4 42. Rg4+ Kxh5 43. Rg8+ Kh4 44. Rxd8 {Black resigns} 1-0

[Event "Team 45 45 League T79"]
[Site "Internet Chess Club"]
[Date "2019.01.20"]
[Round "4"]
[White "santiagoelawad"]
[Black "Monterrey"]
[Result "1-0"]
[WhiteElo "1950"]
[BlackElo "1944"]
[Opening "King's Indian: fianchetto, Panno variation"]
[ECO "E63"]
[Time "15:06:06"]
[TimeControl "2700+45"]

1. c4 Nf6 2. Nc3 g6 3. Nf3 Bg7 4. g3 O-O 5. Bg2 d6 6. O-O a6 7. d4 Nc6 8. h3 Bd7
9. e4 e5 10. Be3 exd4 11. Nxd4 Ne5 12. b3 b5 13. cxb5 axb5 14. Ndxb5 Qb8 15. Nd4
c5 16. Nde2 Rd8 17. Qd2 Bxh3 18. Bh6 Bxg2 19. Kxg2 Qb7 20. Bxg7 Kxg7 21. Qe3 Re8
22. Rad1 Neg4 23. Qf3 Nxe4 24. Nf4 Ngf6 25. Rfe1 Rab8 26. Nfd5 Nxd5 27. Nxe4 Nb4
28. Nxd6 Qxf3+ 29. Kxf3 Rxe1 30. Rxe1 Nxa2 31. Re7 Rxb3+ 32. Kf4 Rb6 33. Ke5 Nb4
34. Rxf7+ Kg8 35. Rd7 Rb8 36. Ke6 Rf8 37. f4 Nc6 38. Kd5 Nd4 39. Kxc5 Ne2 40.
Ne4 h6 41. Kd5 Rf7 42. Rd8+ Kg7 43. Ke6 Nd4+ 44. Rxd4 {Black resigns} 1-0

[Event "Team 45 45 League T79"]
[Site "Internet Chess Club"]
[Date "2019.01.16"]
[Round "4"]
[White "leandromorg"]
[Black "backrankbrawler"]
[Result "0-1"]
[WhiteElo "1742"]
[BlackElo "1846"]
[Opening "Catalan: closed"]
[ECO "E06"]
[Time "21:08:50"]
[TimeControl "2700+45"]

1. d4 Nf6 2. c4 e6 3. g3 d5 4. Bg2 Be7 5. Nc3 c6 6. Nf3 O-O 7. O-O Nbd7 8. Bf4
Nh5 9. Bc1 b6 10. e4 Nhf6 11. Nd2 Bb7 12. Qb3 dxe4 13. Ndxe4 Nxe4 14. Nxe4 Nf6
15. Rd1 Nxe4 16. Bxe4 Qc8 17. Bf4 c5 18. d5 exd5 19. cxd5 Qd7 20. Qc2 g6 21. Qc3
Rfd8 22. Be5 Bd6 23. Bf6 Re8 24. Re1 Qg4 25. Bg2 Rac8 26. f4 c4 27. Rxe8+ Rxe8
28. Re1 Bc5+ 29. Kf1 Rxe1+ 30. Qxe1 Qd7 31. Qe5 c3 32. bxc3 Qb5+ 33. Ke1 Qb1+
34. Ke2 Ba6+ 35. Kf3 Qd1+ {White resigns} 0-1

[Event "Team 45 45 League T79"]
[Site "Internet Chess Club"]
[Date "2019.01.26"]
[Round "4"]
[White "Zugzwanged"]
[Black "MarcB"]
[Result "1-0"]
[WhiteElo "1741"]
[BlackElo "1678"]
[Opening "Scandinavian (center counter) defense"]
[ECO "B01"]
[Time "10:07:50"]
[TimeControl "2700+45"]

1. e4 d5 2. exd5 Qxd5 3. Nc3 Qd8 4. d4 Nf6 5. Nf3 Bg4 6. h3 Bxf3 7. Qxf3 c6 8.
Be3 e6 9. O-O-O Nbd7 10. Bd3 Qc7 11. g4 Bb4 12. g5 Bxc3 13. gxf6 {Black resigns}
1-0

[Event "Team 45 45 League T79"]
[Site "Internet Chess Club"]
[Date "2019.01.20"]
[Round "4"]
[White "nealbruce"]
[Black "ivanson"]
[Result "1-0"]
[WhiteElo "1710"]
[BlackElo "1689"]
[Opening "Ruy Lopez: closed, Chigorin, 12...c5d4"]
[ECO "C99"]
[Time "16:00:31"]
[TimeControl "2700+45"]

1. e4 e5 2. Nf3 Nc6 3. Bb5 a6 4. Ba4 Nf6 5. O-O Be7 6. Re1 b5 7. Bb3 d6 8. c3
O-O 9. h3 Na5 10. Bc2 c5 11. d4 Qc7 12. Nbd2 cxd4 13. cxd4 Bd7 14. Nf1 Rfc8 15.
Bd3 Nc6 16. Be3 Qb7 17. Ng3 Rc7 18. Qd2 d5 19. dxe5 Bb4 20. Qe2 Nxe4 21. Red1 f5
22. exf6 Nxf6 23. Rac1 Re8 24. Qc2 Ba5 25. Qb3 Kh8 26. Nf5 Bxf5 27. Bxf5 Ne7 28.
Rxc7 Bxc7 29. Be6 Bb6 30. Ne5 Rf8 31. Nf7+ {Black resigns} 1-0

[Event "Team 45 45 League T79"]
[Site "Internet Chess Club"]
[Date "2019.01.21"]
[Round "4"]
[White "Ajolote"]
[Black "PolishRyszard"]
[Result "1-0"]
[WhiteElo "1896"]
[BlackElo "1819"]
[Opening "Robatsch defense"]
[ECO "B06"]
[Time "16:34:56"]
[TimeControl "2700+45"]

1. e4 g6 2. d4 Bg7 3. Nc3 c5 4. dxc5 Bxc3+ 5. bxc3 Qa5 6. Qd4 Nf6 7. Qb4 Nc6 8.
Qxa5 Nxa5 9. Bd3 b6 10. cxb6 axb6 11. Be3 Bb7 12. f3 d5 13. e5 Nd7 14. Bb5 Nc6
15. f4 O-O 16. Ne2 Ra5 17. a4 Rfa8 18. O-O Nc5 19. Rab1 e6 20. c4 Ne7 21. cxd5
exd5 22. g4 Bc8 23. f5 gxf5 24. gxf5 Nxf5 25. Bxc5 bxc5 26. Bc6 R8a6 27. Bxd5
Rg6+ 28. Kh1 Be6 29. Bxe6 fxe6 30. Rf4 Nd4 31. Rb8+ Kg7 32. Rb7+ Kh6 33. Rh4+
Kg5 34. Rbxh7 Rg8 35. R7h5+ Kg6 36. Nf4+ Kf7 37. Rh7+ Rg7 38. Rxg7+ Kxg7 39. c3
Nf5 40. Rg4+ Kf7 41. Nd3 Ne3 42. Re4 Nd5 43. Rc4 Ne3 44. Rf4+ Ke7 45. Nb2 Nd5
46. Rf3 Ra8 47. Kg2 Rg8+ 48. Kf2 Rh8 49. h3 Rh5 50. Nd3 Nxc3 51. a5 c4 52. Nf4
Rf5 53. a6 Nb5 54. Nd5+ Ke8 55. Rxf5 exf5 56. Ke3 Kf7 57. Nf4 Kg7 58. h4 Kf7 59.
h5 Kg7 60. e6 Kf6 61. h6 c3 62. Kd3 Nc7 63. a7 Na8 64. h7 Kg7 65. e7 Nc7 66.
h8=Q+ Kxh8 67. a8=Q+ Nxa8 68. e8=Q+ {Black resigns} 1-0

[Event "Team 45 45 League T79"]
[Site "Internet Chess Club"]
[Date "2019.01.22"]
[Round "4"]
[White "disinformator"]
[Black "Beetlejuice"]
[Result "1-0"]
[WhiteElo "1812"]
[BlackElo "1689"]
[Opening "English: Anglo-Dutch defense"]
[ECO "A10"]
[Time "14:02:58"]
[TimeControl "2700+45"]

1. c4 f5 2. Nc3 Nf6 3. Nf3 g6 4. g3 Bg7 5. Bg2 d6 6. d4 O-O 7. Qb3 c6 8. O-O Qe8
9. Bf4 Kh8 10. Rad1 Na6 11. Qa3 c5 12. d5 Nc7 13. b3 Nh5 14. Bd2 f4 15. Qc1 fxg3
16. hxg3 b5 17. Bh6 bxc4 18. bxc4 Rb8 19. Bxg7+ Kxg7 20. Ne4 Nf6 21. Qc3 Bg4 22.
Neg5 h6 23. Ne4 Qa4 24. Rb1 Bf5 25. Nxf6 exf6 26. Rb3 a6 27. Nh4 Bg4 28. Qd3 Bf5
29. Nxf5+ gxf5 30. Rxb8 Rxb8 31. Qxf5 Ne8 32. Bh3 Rb7 33. Bg4 Qxc4 34. Bh5 Re7
35. Qg6+ Kf8 36. Qxh6+ Kg8 37. Bf3 Qxa2 38. Qg6+ Kf8 39. Kg2 Rg7 40. Qf5 Rg5 41.
Qd3 Nc7 42. Rb1 Ne8 43. Rb8 Qa1 44. Qh7 Rg7 45. Rxe8+ Kxe8 46. Qxg7 c4 47. Bh5+
Kd8 48. Qf8+ Kc7 49. Qe7+ Kb6 50. Qxd6+ Kb5 51. Be8+ {Black resigns} 1-0

[Event "Team 45 45 League T79"]
[Site "Internet Chess Club"]
[Date "2019.01.22"]
[Round "4"]
[White "ascoli"]
[Black "WillC"]
[Result "0-1"]
[WhiteElo "1662"]
[BlackElo "1633"]
[Opening "English: Mikenas-Carls variation"]
[ECO "A18"]
[Time "06:46:10"]
[TimeControl "2700+45"]

1. c4 Nf6 2. Nc3 e6 3. e4 d6 4. d4 Be7 5. Nf3 c5 6. d5 exd5 7. cxd5 O-O 8. h3 a6
9. a4 Re8 10. Bd3 Nbd7 11. O-O Nf8 12. Nd2 b6 13. Re1 Ng6 14. Nc4 Bd7 15. f4 b5
16. axb5 axb5 17. Rxa8 Qxa8 18. Nxd6 Bxd6 19. e5 c4 20. Bxg6 Bc5+ 21. Kh1 b4 22.
exf6 hxg6 23. Ne4 Bf8 24. fxg7 Bxg7 25. g4 f5 26. gxf5 gxf5 27. Ng5 Rxe1+ 28.
Qxe1 Qxd5+ 29. Kh2 c3 30. bxc3 bxc3 31. Qh4 Qc5 32. Qg3 Qc4 33. Nf3 Qe2+ 34. Qg2
Qxg2+ 35. Kxg2 Bc6 36. Kf2 Bxf3 37. Kxf3 Kh7 38. Kg3 Kh6 39. Kf3 Kh5 40. Kg3 Bf6
41. Kg2 Kh4 42. Kh2 Bd4 43. Kg2 Bc5 44. Kh2 Bf2 45. Ba3 Be3 46. Kg2 Bxf4 47. Kf3
Bg5 48. Ke2 c2 49. Kd3 c1=Q 50. Bxc1 Bxc1 51. Kd4 Kxh3 52. Ke5 f4 {White
resigns} 0-1

[Event "Team 45 45 League T79"]
[Site "Internet Chess Club"]
[Date "2019.01.19"]
[Round "4"]
[White "SirIvanhoe"]
[Black "liujf"]
[Result "1-0"]
[WhiteElo "1541"]
[BlackElo "1559"]
[Opening "Three knights game"]
[ECO "C46"]
[Time "13:01:02"]
[TimeControl "2700+45"]

1. e4 e5 2. Nf3 Nc6 3. Nc3 Bc5 4. Nxe5 Nxe5 5. d4 Bd6 6. dxe5 Bxe5 7. Bd3 Nf6 8.
Bg5 h6 9. Bh4 c6 10. Qf3 Qb6 11. Nd1 Bxb2 12. Nxb2 Qxb2 13. O-O O-O 14. Rfb1 Qc3
15. Re1 d6 16. e5 Re8 17. Bh7+ Kxh7 18. Qxc3 Nd5 19. Qd3+ Kg8 20. exd6 {Black
resigns} 1-0

[Event "Team 45 45 League T79"]
[Site "Internet Chess Club"]
[Date "2019.01.21"]
[Round "4"]
[White "dalmata"]
[Black "SuperPuzzler"]
[Result "1/2-1/2"]
[WhiteElo "1463"]
[BlackElo "1788"]
[Opening "King's Indian, 3.Nf3"]
[ECO "E60"]
[Time "16:30:39"]
[TimeControl "2700+45"]

1. d4 Nf6 2. c4 g6 3. Nf3 Bg7 4. Bg5 O-O 5. Nc3 d5 6. cxd5 Nxd5 7. e3 c5 8. Nxd5
f6 9. Nxf6+ exf6 10. Bc4+ Kh8 11. Bf4 Re8 12. O-O cxd4 13. Nxd4 a6 14. Re1 Qb6
15. Qb3 Qxb3 16. Bxb3 Nd7 17. Rac1 Ne5 18. Bxe5 fxe5 19. Nf3 Bg4 20. Bd5 Rab8
21. Rc4 Red8 22. Rxg4 Rxd5 23. Rc4 b5 24. Re4 Rc8 25. b3 Rc2 26. a4 Rb2 27. axb5
Rxb5 28. Rd1 h5 29. h4 Bf6 30. Rd6 Kg7 31. Rxa6 R2xb3 32. Ra7+ Kh6 33. Rc4 Rb7
34. Rxb7 Rxb7 35. Nd2 Rd7 36. Nf1 Rd1 37. g3 Be7 38. Re4 Bd6 39. Kg2 Rd5 40. g4
hxg4 {Game drawn by mutual agreement} 1/2-1/2

[Event "Team 45 45 League T79"]
[Site "Internet Chess Club"]
[Date "2019.01.20"]
[Round "4"]
[White "chuckh2"]
[Black "Visin"]
[Result "0-1"]
[WhiteElo "1333"]
[BlackElo "1316"]
[Opening "Queen's pawn, Mason variation"]
[ECO "D00"]
[Time "14:00:26"]
[TimeControl "2700+45"]

1. d4 d5 2. Bf4 Nf6 3. e3 Nc6 4. Bd3 Bg4 5. f3 Bh5 6. a3 e6 7. Nd2 Bd6 8. Ne2
Bg6 9. e4 dxe4 10. fxe4 Bxf4 11. Nxf4 Qxd4 12. Rb1 Bxe4 13. Nxe4 Nxe4 14. Bxe4
Qxe4+ 15. Ne2 Qxg2 16. Rg1 Qxh2 17. Qd3 Qd6 18. Qh3 O-O-O 19. Qc3 g6 20. Rg3 Qe5
21. Qxe5 Nxe5 22. Nc3 Nc6 23. Ne2 e5 24. c3 f5 25. Rh3 f4 26. Rc1 g5 27. Rh6 Rd6
28. Rh5 h6 29. Rd1 Rxd1+ 30. Kxd1 e4 31. Ke1 Kd7 32. Ng1 Ke6 33. Nh3 Kf6 34. Ke2
Kg6 35. Nxf4+ gxf4 36. Rh4 Rf8 37. Rg4+ Kh7 38. Rh4 Ne5 39. b3 Nd3 40. Kd2 Nc5
41. b4 e3+ 42. Ke2 Ne6 43. Rh3 Rg8 44. Rh2 Rg3 45. Rh1 Kg6 46. Rd1 h5 47. Rd5 h4
48. c4 h3 49. Rd1 h2 50. Rh1 Rh3 51. a4 Nd4+ 52. Kd1 f3 {White resigns} 0-1

[Event "Team 45 45 League T79"]
[Site "Internet Chess Club"]
[Date "2019.01.17"]
[Round "4"]
[White "Pawnchain"]
[Black "BrerRabbit"]
[Result "1/2-1/2"]
[WhiteElo "1458"]
[BlackElo "1355"]
[Opening "Queen's pawn: London system"]
[ECO "A45"]
[Time "10:30:56"]
[TimeControl "2700+45"]

1. d4 Nf6 2. Bf4 d6 3. e3 g6 4. c3 Bg7 5. Nd2 Nbd7 6. Ngf3 Nh5 7. Bg3 Nxg3 8.
hxg3 Nf6 9. Bc4 c6 10. Qb3 d5 11. Bd3 Qb6 12. c4 Qxb3 13. axb3 Bd7 14. c5 O-O
15. O-O {Game drawn by mutual agreement} 1/2-1/2

[Event "Team 45 45 League T79"]
[Site "Internet Chess Club"]
[Date "2019.01.17"]
[Round "4"]
[White "leoshi"]
[Black "fireball"]
[Result "0-1"]
[WhiteElo "1579"]
[BlackElo "1646"]
[Opening "French: Frere (Becker) variation"]
[ECO "C03"]
[Time "18:39:50"]
[TimeControl "2700+45"]

1. e4 e6 2. d4 d5 3. Nd2 dxe4 4. Nxe4 Qd5 5. Nc3 Bb4 6. Ne2 Nc6 7. Be3 Nf6 8. a3
Bxc3+ 9. Nxc3 Qd7 10. Be2 O-O 11. O-O a6 12. Qd2 Qe7 13. Rad1 b5 14. b4 Bb7 15.
f3 Rfd8 16. Qe1 Nd5 17. Nxd5 exd5 18. Qd2 Re8 19. Rfe1 Qxe3+ 20. Qxe3 Rxe3 21.
Bd3 Rae8 22. Rxe3 Rxe3 23. Kf2 Re6 24. c3 Ne7 25. Re1 Rxe1 26. Kxe1 Bc8 27. Ke2
Bf5 28. g4 Bxd3+ 29. Kxd3 Ng6 30. Ke3 Kf8 31. f4 Ke7 32. f5 Nh4 33. Kf4 Ng2+ 34.
Kf3 Ne1+ 35. Ke3 Nc2+ 36. Kd2 Nxa3 37. Kd3 g6 38. Ke3 gxf5 39. gxf5 Kf6 40. Kf4
Nb1 41. Ke3 Nxc3 42. Kd3 Na2 43. h4 Nxb4+ 44. Kc3 Nc6 45. h5 Kxf5 46. h6 Kf4 47.
Kd3 Kf3 48. Kc3 f5 49. Kd3 f4 50. Kc3 Kf2 51. Kd3 Ke1 52. Kc3 f3 53. Kd3 f2 54.
Ke3 Nb4 55. Kf4 f1=Q+ 56. Kg5 Qg1+ 57. Kf5 Qg6+ 58. Kf4 Nd3+ 59. Ke3 Qe4# {White
checkmated} 0-1

[Event "Team 45 45 League T79"]
[Site "Internet Chess Club"]
[Date "2019.01.18"]
[Round "4"]
[White "bennywins"]
[Black "Newbao"]
[Result "1-0"]
[WhiteElo "1711"]
[BlackElo "1397"]
[Opening "Giuoco Piano"]
[ECO "C54"]
[Time "21:49:26"]
[TimeControl "2700+45"]

1. e4 e5 2. Nf3 Nc6 3. Bc4 Bc5 4. c3 Nf6 5. d4 exd4 6. cxd4 Bb4+ 7. Bd2 Nxe4 8.
Bxb4 Nxb4 9. Bxf7+ Kxf7 10. Qb3+ d5 11. Qxb4 Rf8 12. Ne5+ Kg8 13. O-O c6 14. f3
Qf6 15. Na3 a5 16. Qb6 Ra6 17. Qc7 Nd6 18. b3 Be6 19. Qxd6 Rd8 20. Qc7 Bc8 21.
Nc2 b5 22. Ne1 Qf8 23. Rc1 Qf6 24. Rxc6 Rxc6 25. Nxc6 Re8 26. Nd3 Bf5 27. Nf4
Rc8 28. Ne7+ Kf8 29. Nxc8 Bg6 30. Nxg6+ hxg6 31. Re1 Kg8 32. Ne7+ Kh7 33. Qc8
Qxd4+ 34. Kh1 Qb4 35. Qh3+ Qh4 36. Qxh4# {Black checkmated} 1-0

[Event "Team 45 45 League T79"]
[Site "Internet Chess Club"]
[Date "2019.01.19"]
[Round "4"]
[White "creativechesski"]
[Black "nidusin2"]
[Result "1/2-1/2"]
[WhiteElo "1584"]
[BlackElo "1461"]
[Opening "Philidor: Improved Hanham variation"]
[ECO "B07"]
[Time "11:02:55"]
[TimeControl "2700+45"]

1. e4 d6 2. d4 Nf6 3. Nc3 Nbd7 4. Nf3 e5 5. dxe5 dxe5 6. Bc4 h6 7. h3 Be7 8. Be3
c6 9. a3 O-O 10. Qd2 Qc7 11. O-O Nc5 12. Bd3 Rd8 13. Rfd1 Ncxe4 14. Nxe4 Nxe4
15. Qe2 Nf6 16. Bd2 Bd6 17. Bc3 Re8 18. Nd2 Nd5 19. Nc4 Nxc3 20. bxc3 Bc5 21.
Re1 e4 22. Bxe4 Bf5 23. Qf3 Bxe4 24. Rxe4 b5 25. Ne3 Rxe4 26. Qxe4 Rd8 27. c4
Qb6 28. cxb5 Bxe3 29. fxe3 cxb5 30. Rb1 Qa5 31. Qb4 Qxb4 32. Rxb4 a6 33. a4 bxa4
34. Rxa4 Rd1+ 35. Kh2 Rd2 36. Rxa6 Rxc2 37. Ra8+ Kh7 38. Kg3 g5 39. Ra7 Kg6 40.
Ra6+ f6 41. Ra5 h5 42. Rd5 h4+ 43. Kf3 f5 44. Rd4 Rc1 45. Rb4 Rc2 {Game drawn by
mutual agreement} 1/2-1/2

[Event "Team 45 45 League T79"]
[Site "Internet Chess Club"]
[Date "2019.01.17"]
[Round "4"]
[White "rhayder"]
[Black "jadencheung"]
[Result "1-0"]
[WhiteElo "1165"]
[BlackElo "1381"]
[Opening "Ruy Lopez: 5.O-O"]
[ECO "C78"]
[Time "18:30:52"]
[TimeControl "2700+45"]

1. e4 e5 2. Nf3 Nc6 3. Bb5 a6 4. Ba4 Nf6 5. O-O b5 6. Bb3 Bc5 7. c3 d6 8. Re1
O-O 9. d4 Bb6 10. Bg5 h6 11. Bh4 Bg4 12. h3 Bxf3 13. Qxf3 exd4 14. Bxf6 Qxf6 15.
Qxf6 gxf6 16. Rd1 dxc3 17. Nxc3 Rfe8 18. Bd5 Nd4 19. Bxa8 Rxa8 20. Nd5 Ne6 21.
Nxf6+ Kg7 22. Nd5 Bc5 23. b4 Bd4 24. Nxc7 Bxa1 25. Nxa8 Bd4 26. Rc1 Kf6 27. Nc7
Nf4 28. Kf1 Ke5 29. f3 Nd3 30. Rb1 a5 31. bxa5 Ba7 32. Nxb5 Be3 33. a6 Kf4 34.
a7 Ne5 35. a8=Q Nc4 36. Rd1 Nd2+ 37. Rxd2 Bxd2 38. Nxd6 Be3 39. Nxf7 h5 40. Qb8#
{Black checkmated} 1-0

[Event "Team 45 45 League T79"]
[Site "Internet Chess Club"]
[Date "2019.01.19"]
[Round "4"]
[White "cadmiumorange"]
[Black "kabindra"]
[Result "1/2-1/2"]
[WhiteElo "1860"]
[BlackElo "1683"]
[Opening "Réti: King's Indian attack, Keres variation"]
[ECO "A07"]
[Time "11:05:05"]
[TimeControl "2700+45"]

1. Nf3 d5 2. g3 Bg4 3. Bg2 Nd7 4. O-O e5 5. d3 c6 6. Nbd2 d4 7. e4 Bd6 8. Qe1
Ngf6 9. h3 Bh5 10. Nh4 Bg6 11. f4 exf4 12. gxf4 Nh5 13. Nc4 Be7 14. Nf3 h6 15.
e5 O-O 16. e6 fxe6 17. Nfe5 Bf5 18. Nxd7 Qxd7 19. Bf3 Qe8 20. Kh2 Nf6 21. Rg1
Nd5 22. Ne5 Bf6 23. Ng4 Qb8 24. Bxd5 cxd5 25. Nxh6+ Kh7 26. Nxf5 exf5 27. Qg3
Qe8 28. Bd2 Qh5 29. Rae1 Rae8 30. Qg2 Qf7 31. Bb4 Rg8 32. Rxe8 Rxe8 33. Re1 Rxe1
34. Bxe1 Qc7 35. Bg3 Qa5 36. a3 Qb5 37. b3 a5 38. a4 Qc5 39. Qe2 Kg8 40. Qe8+
Kh7 41. Qh5+ Kg8 {Game drawn by mutual agreement} 1/2-1/2

[Event "Team 45 45 League T79"]
[Site "Internet Chess Club"]
[Date "2019.01.19"]
[Round "4"]
[White "VictorRed"]
[Black "KCChessc6"]
[Result "1/2-1/2"]
[WhiteElo "1713"]
[BlackElo "1678"]
[Opening "QGD Slav defense"]
[ECO "D10"]
[Time "22:00:56"]
[TimeControl "2700+45"]

1. d4 c6 2. c4 d5 3. Nc3 dxc4 4. a4 Nf6 5. e4 e5 6. d5 Bb4 7. Bg5 cxd5 8. exd5
Bxc3+ 9. bxc3 Qa5 10. Rc1 Nxd5 11. Bxc4 Be6 12. Qb3 Qb6 13. Bb5+ Nc6 14. c4 Nf6
15. Bxf6 gxf6 16. Qf3 O-O-O 17. Ne2 Qa5+ 18. Nc3 Nd4 19. Qxf6 Nxb5 20. cxb5 Bc4
21. Qf5+ Kb8 22. f3 Rhe8 23. Qc2 Rd3 24. O-O Rxc3 25. Qxc3 Qxc3 26. Rxc3 Bxf1
27. Kxf1 Rc8 28. Rxc8+ Kxc8 29. Ke2 Kd7 30. Ke3 Kd6 31. Ke4 {Game drawn by
mutual agreement} 1/2-1/2

[Event "Team 45 45 League T79"]
[Site "Internet Chess Club"]
[Date "2019.01.16"]
[Round "4"]
[White "misuc56"]
[Black "QuieroAprender"]
[Result "0-1"]
[WhiteElo "1513"]
[BlackElo "1679"]
[Opening "King's Indian defense, 3.Nc3"]
[ECO "E61"]
[Time "14:31:23"]
[TimeControl "2700+45"]

1. d4 Nf6 2. c4 g6 3. Nc3 Bg7 4. e3 O-O 5. Bd2 b6 6. Nf3 d6 7. Be2 Bb7 8. O-O
Nbd7 9. h3 c5 10. d5 Re8 11. Nh2 e5 12. e4 Qe7 13. f3 Nh5 14. Qe1 a6 15. a4 Nf4
16. Rc1 g5 17. Be3 h5 18. Bf2 Bh6 19. Rd1 Nf6 20. Bd3 Bc8 21. Bg3 Kh8 22. Bf2
Rg8 23. Be3 Nh7 24. Kh1 f5 25. exf5 Nxd3 26. Rxd3 Bxf5 27. Rd2 Qf6 28. Ne4 Qg6
29. Bf2 g4 30. hxg4 hxg4 31. Nxg4 Bxe4 32. Be3 Qh5+ 33. Nh2 Bxe3 34. Qxe3 Bg6
35. Kg1 Qg5 36. Qxg5 Nxg5 37. Ng4 Raf8 38. b3 Bh5 39. Nh2 Nxf3+ 40. Nxf3 Rxf3
41. Rxf3 Bxf3 42. Kf1 Bg4 43. Kf2 Kg7 44. Kg3 Kf6 45. Rf2+ Bf5+ 46. Kh2 Rh8+ 47.
Kg1 Kg5 48. Rb2 Kf4 49. b4 Bd3 50. bxc5 bxc5 51. Rb6 Rh6 52. Kf2 Bxc4 53. g3+
Ke4 54. Rb8 Rf6+ 55. Kg2 Ke3 56. g4 Bxd5+ 57. Kg3 c4 58. g5 Rg6 59. Kh4 c3 60.
Rc8 Kd2 61. Kh5 Be4 62. Re8 c2 63. Rc8 c1=Q 64. Rxc1 Kxc1 65. Kg4 d5 66. Kh5 Kd2
67. Kg4 Ke3 68. Kh5 Kf4 69. Kh4 Rxg5 70. Kh3 Rh5# {White checkmated} 0-1

[Event "Team 45 45 League T79"]
[Site "Internet Chess Club"]
[Date "2019.01.17"]
[Round "4"]
[White "olivermx"]
[Black "mongmong"]
[Result "1-0"]
[WhiteElo "1160"]
[BlackElo "1446"]
[Opening "French: exchange variation"]
[ECO "C01"]
[Time "20:34:51"]
[TimeControl "2700+45"]

1. e4 e6 2. d4 d5 3. exd5 exd5 4. Nf3 Nc6 5. c3 Bd6 6. Bb5 Ne7 7. h3 O-O 8. O-O
Bf5 9. Be3 h6 10. Nbd2 a6 11. Ba4 b5 12. Bc2 Bxc2 13. Qxc2 Qd7 14. Rfe1 f5 15.
Nf1 Nd8 16. Bd2 Nf7 17. Qc1 Ng6 18. Ne3 c6 19. Qc2 Nfh8 20. Qd3 Rae8 21. a3 Qf7
22. Nc2 Qf6 23. Rxe8 Rxe8 24. Re1 Rxe1+ 25. Bxe1 Nf4 26. Qf1 g5 27. g3 Nfg6 28.
Kg2 g4 29. hxg4 fxg4 30. Nh2 h5 31. Qe2 Kf7 32. Qe8+ Kg7 33. Qxc6 Be7 34. Qxd5
Nf7 35. Qxh5 Qe6 36. Ne3 Qe4+ 37. Kf1 Qh1+ 38. Ke2 Qe4 39. Qxg4 Qxg4+ 40. Nhxg4
Nd6 41. Bd2 Nb7 42. Nf5+ Kf7 43. Nxe7 Kxe7 44. Ne5 Nf8 45. f4 Kd6 46. Kf3 Kd5
47. f5 Nd6 48. g4 Ne4 49. Be3 Nd6 50. Kf4 Nc4 51. Nxc4 Kxc4 52. f6 Kb3 53. Kf5
Kxb2 54. f7 Kxc3 55. d5 a5 56. d6 b4 57. axb4 axb4 58. Bh6 b3 59. Bxf8 b2 60.
Bg7+ {Black resigns} 1-0